 Dungeon Crawl Stone Soup version 0.18-a0-1702-gd20c6a5 (webtiles) character file.

57303 George the Fighter (level 14, -2/133 HPs)
             Began as a Minotaur Fighter on Apr 6, 2016.
             Was a High Priest of the Shining One.
             Slain by a dire elephant (10 damage)
             ... on level 8 of the Lair of Beasts.
             The game lasted 03:54:02 (23311 turns).

George the Fighter (Minotaur Fighter)              Turns: 23311, Time: 03:54:03

Health: -2/133     AC: 24    Str: 23    XL:     14   Next: 45%
Magic:  17/20      EV:  7    Int:  5    God:    the Shining One [*****.]
Gold:   1527       SH: 25    Dex: 13    Spells: 0 memorised, 13 levels left

rFire  . . .     SeeInvis .     a - +1 long sword (freeze)
rCold  . . .     Gourm    .     x - +1 plate armour {rPois}
rNeg   + + +     Faith    .     c - +1 shield
rPois  +         Spirit   .     u - +2 hat
rElec  .         Dismiss  .     H - +0 cloak
rCorr  +         Reflect  .     z - +2 pair of gloves
SustAt .         Harm     .     (no boots)
MR     +....                    (no amulet)
Stlth  ..........               V - ring of resist corrosion
                                G - ring of positive energy

@: divine shield, glowing, somewhat resistant to hostile enchantments, extremely
unstealthy
A: retaliatory headbutt, horns 2
a: Divine Shield, Cleansing Flame, Summon Divine Warrior, Renounce Religion


You were on level 8 of the Lair of Beasts.
You worshipped the Shining One.
The Shining One was extremely pleased with you.
You were hungry.

You visited 3 branches of the dungeon, and saw 21 of its levels.

You collected 1527 gold pieces.

Inventory:

Hand Weapons
 a - a +1 long sword of freezing (weapon)
 l - a +1 short sword of freezing
Missiles
 O - a throwing net (quivered)
Armour
 c - a +1 shield (worn)
 u - a +2 hat (worn)
 x - a +1 plate armour of poison resistance (worn)
 z - a +2 pair of gloves (worn)
 H - a +0 cloak (worn)
Rods
 J - a +1 iron rod (13/13)
   (You found it on level 4 of the Lair of Beasts)
Jewellery
 G - a ring of positive energy (left hand)
 N - an uncursed ring of fire
 R - an uncursed ring of sustain attributes
 V - a ring of resist corrosion (right hand)
Wands
 r - a wand of lightning (7/15)
 F - a wand of disintegration (18/24)
 Z - a wand of disintegration (24/24)
Scrolls
 h - 8 scrolls of identify
 q - 2 scrolls of enchant armour
 t - 5 scrolls of blinking
 v - 7 scrolls of recharging
 y - a scroll of fear
 A - 14 scrolls of teleportation
 K - 2 scrolls of enchant weapon
 P - a scroll of silence
 W - 9 scrolls of immolation
 X - 6 scrolls of remove curse
 Y - 5 scrolls of magic mapping
Potions
 d - 6 potions of might
 j - 6 potions of flight
 m - 2 potions of cure mutation
 B - a potion of cancellation
 C - a potion of ambrosia
 E - 7 potions of lignification
 I - a potion of haste
 M - 8 potions of curing
 Q - 3 potions of magic
 T - 2 potions of agility
 U - 2 potions of heal wounds
Books
 D - a book of Spatial Translocations

   Spells                             Type                      Level
   a - Apportation                    Translocation                1
   b - Blink                          Translocation                2
   c - Shroud of Golubria             Charms/Translocation         2
   d - Portal Projectile              Translocation                3
   e - Teleport Other                 Translocation                3
   f - Passage of Golubria            Translocation                4
Miscellaneous
 S - 2 phantom mirrors
Comestibles
 f - 15 bread rations
 o - 12 meat rations
 p - 12 fruits
 s - a slice of pizza
 w - 13 beef jerkies
 L - 21 royal jellies


   Skills:
 + Level 14.4 Fighting
 + Level 14.0 Long Blades
 + Level 14.1 Armour
 + Level 14.2 Shields
 + Level 9.8 Invocations


You had 13 spell levels left.
You didn't know any spells.

Dungeon Overview and Level Annotations

Branches:
Dungeon (12/15)            Temple (1/1) D:4            Lair (8/8) D:9
 Shoals (0/4) Lair:3       Spider (0/4) Lair:5        Slime (0/6) Lair:7
    Orc (0/2) D:12

Altars:
Ashenzari
Cheibriados
Dithmenos
Elyvilon
Fedhas
Gozag
Kikubaaqudgha
Makhleb
Nemelex Xobeh
Okawaru
Pakellas
Qazlal
Ru
Sif Muna
Trog
Vehumet
Xom
Yredelemnul
Zin
The Shining One

Shops:
D:4 *   D:5 [


Innate Abilities, Weirdness & Mutations

You reflexively headbutt those who attack you in melee.
You have a pair of horns on your head.


Message History

The dire elephant tramples you but does no damage.
The dire elephant trunk-slaps you.
* * * LOW HITPOINT WARNING * * *
You hit the dire elephant. You freeze the dire elephant.
You headbutt the dire elephant.
The dire elephant is severely wounded.
You block the dire elephant's attack.
The dire elephant trunk-slaps you but does no damage.
You hit the dire elephant. You freeze the dire elephant.
You headbutt the dire elephant!
The dire elephant is severely wounded.
You slash the dire elephant! You freeze the dire elephant.
The dire elephant is almost dead.
The dire elephant tramples you!!
* * * LOW HITPOINT WARNING * * *
You hold your ground!
The dire elephant completely misses you.
Your shield is strengthened by the Shining One's divine power.
You feel slightly more hungry. The dire elephant tramples you!
You die...

###### #####..#.# #........##
♣.........## ### ♣8♣##.#.....#
##.##♣:♣ ###'##''######### ####
..#.#♣♣ #..8#....8##.†≈##...$#
....# #...#@Y...'..≈≈≈'(..$=
....# #.#.####†8#.≈≈≈≈'...$)
....# ######'#....####.≈≈≈≈#..$(#
....# #P....P####....#≈≈≈≈.######
....# #......# ####.###≈.###8.8#
....# #..P..(##♣♣♣##...#####8.⌠.8
....##########♣....###...........
.....♣######♣.......♣########'''#
....♣#P.......P.P...............P


You could see a dire elephant.

Vanquished Creatures
  Nessos (Lair:8)
  2 dire elephants (Lair:8)
  Josephine (Lair:8)
  2 catoblepae
  7 hydras
  A centaur warrior (D:12)
  An anaconda (Lair:8)
  6 death yaks
  5 orc knights
  2 hill giants (D:11)
  3 griffons
  2 centaur zombies
  4 elephants (Lair:8)
  5 black mambas
  17 spiny frogs
  A gargoyle (D:12)
  3 torpor snails
  2 rime drakes (Lair:5)
  2 komodo dragons
  A queen bee (Lair:4)
  2 trolls
  A polar bear (Lair:4)
  7 blink frogs
  A spriggan (Lair:2)
  A shadow (D:11)
  3 wraiths (Lair:8)
  3 wyverns
  5 basilisks
  43 yaks
  8 hippogriffs
  15 wargs
  16 water moccasins
  A soldier ant (D:12)
  16 porcupines
  5 orc warriors
  4 ice beasts
  4 sky beasts
  2 black bears (D:11)
  An eye of draining (D:12)
  3 phantoms
  4 wolves (Lair:7)
  11 ogres
  8 centaurs
  A necrophage (D:9)
  15 crocodiles
  2 big kobolds
  24 giant frogs
  A scorpion (D:7)
  29 killer bees
  3 vampire bats (Lair:7)
  5 howler monkeys
  An electric eel (Lair:2)
  5 crimson imps
  Crazy Yiuf (D:5)
  A giant frog zombie (D:9)
  8 hounds
  14 jellies
  8 orc priests
  5 giant frog skeletons
  2 centaur skeletons
  7 orc wizards
  4 iguanas
  9 worker ants
  18 sheep
  3 hound zombies
  2 hound skeletons
  2 howler monkey skeletons
  84 river rats
  12 adders
  6 shadow imps
  7 oozes
  2 adder skeletons
  3 dart slugs
  6 giant geckos
  69 orcs
  2 ball pythons (D:1)
  14 bats
  3 giant cockroaches
  10 goblins
  5 hobgoblins
  17 jackals
  5 quokkas
  A giant cockroach zombie (D:5)
  2 giant newts
  17 kobolds
  4 rats
  A fungus (Lair:6)
  12 plants
684 creatures vanquished.

Vanquished Creatures (others)
  A jackal (D:2)
  A kobold (D:2)
  A bat (D:2)
  15 fungi
  6 plants
24 creatures vanquished.

Grand Total: 708 creatures vanquished

Notes
Turn   | Place    | Note
--------------------------------------------------------------
     0 | D:1      | George the Minotaur Fighter began the quest for the Orb.
     0 | D:1      | Reached XP level 1. HP: 19/19 MP: 0/0
   183 | D:1      | Reached XP level 2. HP: 20/27 MP: 1/1
   830 | D:1      | Reached XP level 3. HP: 33/33 MP: 2/2
  1166 | D:2      | Found a radiant altar of Vehumet.
  1278 | D:2      | Reached XP level 4. HP: 41/41 MP: 3/3
  1525 | D:3      | Found a sacrificial altar of Ru.
  2349 | D:4      | Reached XP level 5. HP: 38/47 MP: 4/4
  2450 | D:4      | Found a staircase to the Ecumenical Temple.
  2494 | D:4      | Found Muxaliwu's Assorted Antiques.
  2508 | Temple   | Entered the Ecumenical Temple
  3032 | D:4      | Found a deep blue altar of Sif Muna.
  3065 | D:4      | Reached skill level 5 in Fighting
  3065 | D:4      | Reached skill level 5 in Shields
  3240 | D:5      | Entered Level 5 of the Dungeon
  3240 | D:5      | Noticed a sky beast
  3253 | D:5      | Killed a sky beast
  3253 | D:5      | Reached skill level 5 in Armour
  3253 | D:5      | Reached XP level 6. HP: 9/56 MP: 5/5
  3488 | D:5      | Noticed an ice beast
  3505 | D:5      | Killed an ice beast
  3557 | D:5      | Reached XP level 7. HP: 10/62 MP: 6/6
  3799 | D:5      | Reached skill level 5 in Long Blades
  4259 | D:5      | Found Lakhunis's Armour Shoppe.
  4448 | D:5      | Reached XP level 8. HP: 69/71 MP: 7/7
  4535 | D:5      | Found a shadowy altar of Dithmenos.
  4554 | D:5      | Noticed Crazy Yiuf
  4566 | D:5      | Killed Crazy Yiuf
  4997 | D:6      | Found a stormy altar of Qazlal.
  5100 | D:6      | Found a shattered altar of Ashenzari.
  5223 | D:6      | Found an ancient bone altar of Kikubaaqudgha.
  5823 | D:7      | Reached XP level 9. HP: 81/81 MP: 8/8
  6461 | D:7      | Found a glowing golden altar of the Shining One.
  6462 | D:7      | Found a white marble altar of Elyvilon.
  6467 | D:7      | Became a worshipper of the Shining One
  6497 | D:7      | Found a sparkling altar of Nemelex Xobeh.
  7089 | D:8      | Reached skill level 1 in Invocations
  7354 | D:8      | Found an opulent altar of Gozag.
  7611 | D:8      | Reached XP level 10. HP: 90/91 MP: 10/10
  7684 | D:8      | Found an iron altar of Okawaru.
  8314 | D:8      | Noticed an orc knight
  8364 | D:8      | Got a scintillating iron amulet
  8365 | D:8      | Identified the amulet "Peotael" {Dismiss Int+6} (You found it on level 8 of the Dungeon)
  8471 | D:8      | Reached skill level 10 in Shields
  8527 | D:8      | Reached * piety under the Shining One
  8602 | D:8      | Noticed an orc knight
  8603 | D:8      | Noticed an orc knight
  8605 | D:8      | Noticed an orc knight
  8615 | D:8      | Noticed an orc knight
  8624 | D:8      | Killed an orc knight
  8624 | D:8      | Reached skill level 10 in Fighting
  8624 | D:8      | Reached skill level 10 in Armour
  8736 | D:7      | Killed an orc knight
  8948 | D:7      | Killed an orc knight
  9102 | D:8      | Killed an orc knight
  9483 | D:8      | Killed an orc knight
  9483 | D:8      | Reached skill level 10 in Long Blades
  9483 | D:8      | Reached XP level 11. HP: 50/101 MP: 13/13
 10127 | D:9      | Found a staircase to the Lair.
 10464 | D:9      | Found an oddly glowing altar of Pakellas.
 10485 | D:10     | Entered Level 10 of the Dungeon
 10533 | D:10     | Reached skill level 5 in Invocations
 11123 | D:11     | Noticed a hill giant
 11133 | D:11     | Killed a hill giant
 11306 | D:11     | Noticed a hill giant
 11322 | D:11     | Killed a hill giant
 11709 | D:11     | Reached ** piety under the Shining One
 11763 | D:11     | Found a glowing golden altar of the Shining One.
 11896 | D:12     | Noticed a centaur warrior
 11908 | D:12     | Killed a centaur warrior
 12511 | D:12     | Found a staircase to the Orcish Mines.
 12953 | Lair:1   | Entered Level 1 of the Lair of Beasts
 12961 | Lair:1   | Reached XP level 12. HP: 98/110 MP: 15/15
 13242 | Lair:1   | Reached *** piety under the Shining One
 14624 | Lair:2   | You fall through a shaft for 2 floors!
 15738 | Lair:3   | Found a staircase to the Shoals.
 17112 | Lair:5   | Reached XP level 13. HP: 53/119 MP: 17/17
 17352 | Lair:5   | Found a hole to the Spider Nest.
 18069 | Lair:6   | Reached **** piety under the Shining One
 20029 | Lair:7   | Found a staircase to the Slime Pits.
 20618 | Lair:8   | Entered Level 8 of the Lair of Beasts
 20951 | Lair:8   | Reached XP level 14. HP: 120/130 MP: 19/19
 20971 | Lair:8   | Noticed Josephine
 20979 | Lair:8   | Killed Josephine
 20997 | Lair:8   | Reached ***** piety under the Shining One
 21306 | Lair:8   | Found a shimmering altar of Xom.
 21471 | Lair:8   | Noticed Nessos
 21505 | Lair:8   | Killed Nessos
 23311 | Lair:8   | Slain by a dire elephant

Vault maps used:
D:1:      dpeg_arrival_signposts
D:2:      fiery_altar_vehumet, first_bread, nicolae_underground_beach
D:3:      nicolae_overflow_crystal_walls, serial_glass, glass_columns_b,
          glass_columns_a, glass_columns_a, glass_columns_a
D:4:      led_sif_book, minmay_temple_entry_overgrown, serial_shops,
          nicolae_shop_overgrown_old_shop
D:5:      grunt_dithmenos_shadows, serial_shops, nicolae_shop_stone,
          uniq_crazy_yiuf_cottage
D:6:      lemuel_coloured_pillars_altar, nicolae_qazlal_eye_of_the_storm,
          kennysheep_mini_moat, minivault_19, uniq_blork_the_orc
D:7:      overflow_temple_1_default, gammafunk_temple_overflow_statue,
          grunt_ministairs_15, minmay_misc_feat_columns, grunt_ogre_cave
D:8:      lemuel_castle_with_subvaults, okawaru_trees_2, grunt_gozag_statues,
          kennysheep_minor_cross
D:9:      kennysheep_mini, lair_0_dummy
D:11:     nicolae_tso_swordbearing_angel
D:12:     erik_orc_3
Temple:   temple_island_7
Lair:1:   beast_lair_carwin_1
Lair:2:   wad_woods_03, serial_bayou_shore_a
Lair:3:   shoals_dummy_entry, beast_lair_carwin_7, infiniplex_staircase_pool_2
Lair:4:   special_room
Lair:5:   spider_nest_entry_webs, infiniplex_staircase_pool
Lair:6:   grunt_megastairs_3
Lair:7:   beast_lair_carwin_large_4, minmay_slime_entry_jelly_boxes,
          roderic_batcave
Lair:8:   due_jungle_book, basic_altar, uniq_nessos, uniq_josephine

Skill      XL: |  1  2  3  4  5  6  7  8  9 10 11 12 13 14 |
---------------+-------------------------------------------+-----
Armour         | 4 5 6 7 9 10 11 12 13 14 | 14.1
Shields        | 4 5 6 8 9 10 11 12 13 14 | 14.2
Fighting       | 4 5 6 8 9 10 11 12 13 14 | 14.4
Long Blades    | 3 4 5 7 8 10 11 12 13 14 | 14.0
Invocations    | 2 4 6 7 9 |  9.8

Action                   |  1- 3 |  4- 6 |  7- 9 | 10-12 | 13-15 || total
-------------------------+-------+-------+-------+-------+-------++-------
Melee: Long sword        |   124 |   151 |   400 |  1099 |   804 ||  2578
       Short sword       |       |       |       |       |    69 ||    69
Invok: Divine Shield     |       |       |       |     1 |     2 ||     3
  Use: Scroll            |     3 |       |       |    22 |     1 ||    26
       Potion            |       |       |       |       |     1 ||     1
 Stab: Distracted        |       |       |       |     1 |       ||     1
  Eat: Chunk             |     1 |     6 |    16 |    30 |    21 ||    74
